 Dungeon Crawl Stone Soup version 0.20.0-7-g3b7b877 (webtiles) character file.

104 Chiseanne the Magician (level 4, -1/30 HPs)
             Began as a Demonspawn Wizard on May 29, 2017.
             Slain by an orc
             ... wielding a +0 dagger
              (3 damage)
             ... on level 3 of the Dungeon.
             The game lasted 00:04:43 (3256 turns).

Chiseanne the Magician (Demonspawn Wizard)          Turns: 3256, Time: 00:04:43

Health: -1/30      AC:  3    Str:  7    XL:     4   Next: 52%
Magic:  2/9        EV: 17    Int: 21    God:
Gold:   112        SH:  4    Dex: 16    Spells: 1/10 levels left

rFire    . . .     SeeInvis .   j - +0 mace
rCold    . . .     Gourm    .   q - +0 buckler
rNeg     . . .     Faith    .   a - +0 robe
rPois    .         Spirit   .   b - +0 hat
rElec    .         Reflect  .   p - +0 cloak
rCorr    .         Harm     .   (no gloves)
MR       +....                  (no boots)
Stlth    +++.......             (no amulet)
Regen    0.1/turn               l - ring of protection from magic
MPRegen  0.2/turn               (no ring)

@: agile, very slightly contaminated
A: spiny 1, rot immunity
a: no special abilities


You were on level 3 of the Dungeon.
You were not hungry.

You visited 1 branch of the dungeon, and saw 3 of its levels.

You collected 112 gold pieces.

Inventory:

Hand Weapons
 j - a +0 mace (weapon)
Missiles
 f - 36 poisoned needles
 g - 54 sling bullets
 m - 31 stones (quivered)
Armour
 a - a +0 robe (worn)
 b - a +0 hat (worn)
 p - a +0 cloak (worn)
 q - a +0 buckler (worn)
Jewellery
 l - a ring of protection from magic (left hand)
Scrolls
 n - a scroll of identify
Books
 c - a book of Minor Magic

   Spells                             Type                      Level
   a - Magic Dart                     Conjuration                  1
   b - Blink                          Translocation                2
   c - Call Imp                       Summoning                    2
   d - Slow                           Hexes                        2
   e - Conjure Flame                  Conjuration/Fire             3
   f - Mephitic Cloud                 Conjuration/Poison/Air       3
Comestibles
 d - a bread ration
 h - a royal jelly
 i - a meat ration


   Skills:
 - Level 1.7 Dodging
 - Level 1.7 Stealth
 * Level 0.3 Shields
 * Level 3.9 Spellcasting
 * Level 3.3 Conjurations
   Level 1.0 Summonings
 - Level 0.8 Translocations


You had one spell level left.
You knew the following spells:

 Your Spells              Type           Power        Failure   Level  Hunger
a - Magic Dart            Conj           ###.         4%          1    None
b - Blink                 Tloc           N/A          21%         2    #......
c - Conjure Flame         Conj/Fire      ##......     30%         3    ###....
d - Mephitic Cloud        Conj/Pois/Air  #.......     36%         3    ###....


Dungeon Overview and Level Annotations

Branches:
Dungeon (3/15)

Altars:
Xom


Innate Abilities, Weirdness & Mutations

You are partially covered in sharp spines.
You are immune to rotting.


Message History

Aim: an orc, wielding a dagger (heavily wounded)
The magic dart hits the orc.
You kill the orc!
Casting: Magic Dart
Confirm with . or Enter, or press ? or * to list all spells.
Aiming: Magic Dart
Press: ? - help, Shift-Dir - straight line, f - orc
Aim: an orc, wielding a dagger and wearing a scale mail You miscast Magic Dart.
You are very lightly contaminated with residual magic.
Nothing appears to happen.
The orc hits you with a dagger.
* * * LOW HITPOINT WARNING * * *
You feel agile all of a sudden. The orc closely misses you.
You feel sick.
You feel sick.
You are no longer poisoned.
There is a stone staircase leading up here.
The orc hits you with a dagger.
You die...

#......# #.#
######.########.#
#....).)........#
#.####.#######..#
#.# #..# #o# #..#
#.# #.o# #o# #.o#
#.# #.@# ..# #.<#
### #..# #..#
#..# #..# #..#
#..#


You could see 2 orcs.

Vanquished Creatures
  An adder (D:3)
  2 oozes
  3 worms
  3 dart slugs
  2 leopard geckos (D:1)
  2 orcs (D:3)
  13 bats
  5 giant cockroaches
  5 goblins
  9 hobgoblins
  3 jackals (D:2)
  2 kobolds
  A ball python (D:1)
  6 frilled lizards
  7 rats
64 creatures vanquished.

Notes
Turn   | Place    | Note
-------+----------+-------------------------------------------
     0 | D:1      | Chiseanne the Demonspawn Wizard began the quest for the Orb.
     0 | D:1      | Reached XP level 1. HP: 13/13 MP: 4/4
   321 | D:1      | Gained mutation: You are immune to rotting. [demonic ancestry]
   321 | D:1      | Reached XP level 2. HP: 15/19 MP: 0/6
  1064 | D:1      | Reached XP level 3. HP: 24/24 MP: 4/7
  2077 | D:2      | Learned a level 2 spell: Blink
  2081 | D:2      | Learned a level 3 spell: Conjure Flame
  2085 | D:2      | Learned a level 3 spell: Mephitic Cloud
  2141 | D:2      | Found a shimmering altar of Xom.
  2516 | D:2      | Gained mutation: You are partially covered in sharp spines. [demonic ancestry]
  2516 | D:2      | Reached XP level 4. HP: 30/30 MP: 5/9
  2765 | D:2      | Found a faded altar of an unknown god.
  3256 | D:3      | Slain by an orc

Skill      XL: |  1  2  3 |
---------------+----------+-----
Conjurations   | 2 3 |  3.3
Dodging        | |  1.7
Stealth        | |  1.7
Shields        | |  0.3
Spellcasting   | |  3.9
Summonings     | |  1.0
Translocations | |  0.8

Action                   |  1- 3 |  4- 6 || total
-------------------------+-------+-------++-------
Melee: Unarmed           |     4 |       ||     4
       Club              |     5 |       ||     5
       Mace              |     9 |    17 ||    26
 Cast: Magic Dart        |   118 |    39 ||   157
       Mephitic Cloud    |       |     1 ||     1
  Use: Scroll            |     2 |     2 ||     4
       Potion            |       |     1 ||     1
  Eat: Chunk             |     5 |     2 ||     7
Armor: Robe              |     3 |     7 ||    10
Dodge: Dodged            |    27 |     9 ||    36
Block: Buckler           |       |     2 ||     2
